AoeStats
← TM Caesar

MegaRandom

506919646Analyzed
2v2 RM · 17d ago on Sep 15, 2026· 24m 35s· 4 players
Game mode
Random Map
Map size
Medium (4 player)
Population
200
Speed
Normal
Resources
Standard
Victory
Conquest
Starting age
Dark Age
Ending age
Imperial Age
RankedLock teamsTeams togetherTeam positionsShared explorationLock speedFull tech treeHidden civsTurbo modeCheats
Victory
Defeat
🇺🇸 Turks · United States
1535
+16
🇺🇸 Britons · United States
1518
+17
🇦🇷 Byzantines · Argentina
1592
-19
🇫🇷 Japanese · France
1486
-14
_CH_weixing
0:58 Loom
12:12 Feudal Age
12:56 Double-Bit Axe
13:21 Horse Collar
16:05 Fishing Lines
19:11 Castle Age
18:31 Bloodlines
19:33 Scale Barding Armor
19:40 Forging
Altamar
6:14 Loom
7:01 Loom
9:36 Feudal Age
10:11 Double-Bit Axe
11:46 Horse Collar
13:25 Fletching
19:23 Castle Age
18:19 Padded Archer Armor
18:10 Gold Mining
20:05 Bodkin Arrow
19:44 Crossbowman
xcmpierrexcm
7:28 Loom
9:56 Feudal Age
12:03 Town Watch
14:36 Castle Age
13:11 Fletching
16:15 Bodkin Arrow
17:47 Padded Archer Armor
21:12 Husbandry
TM Caesar
6:55 Loom
9:31 Feudal Age
10:12 Double-Bit Axe
10:10 Horse Collar
14:25 Fletching
15:01 Padded Archer Armor
21:53 Castle Age
21:57 Elite Skirmisher
22:34 Bodkin Arrow
23:21 Leather Archer Armor
23:31 Bow Saw
23:46 Ballistics
Connection lost

Rejoining the realm…

Still unreachable

The connection could not be restored.

Session expired

The server has moved on; the page needs a fresh start.